 Dungeon Crawl Stone Soup version 0.29-a0-364-g921d912d32 (webtiles) character file.

Game seed: 14106249775603123838

76984 spiderkeys the Fighter (level 15, -1/122 HPs)
             Began as a Mummy Abyssal Knight on May 1, 2022.
             Was a High Priest of Lugonu.
             Killed by divine providence
             ... invoked by a meliai
              (16 damage)
             ... on level 12 of the Dungeon.
             The game lasted 01:11:46 (24972 turns).

spiderkeys the Fighter (Mummy Abyssal Knight)      Turns: 24972, Time: 01:11:47

Health: -1/122     AC:  9    Str: 20    XL:     15   Next: 14%
Magic:  10/10      EV: 20    Int: 18    God:    Lugonu [*****.]
Gold:   1572       SH:  0    Dex: 12    Spells: 5/24 levels left

rFire   x . .      SeeInvis .   C - +2 glaive (antimagic)
rCold   + . .      Faith    .   (shield currently unavailable)
rNeg    + + +      Spirit   .   s - +3 robe of Recklessness {rElec Regen+ Str+4}
rPois   ∞          Reflect  .   (no helmet)
rElec   +          Harm     .   A - +0 cloak
rCorr   .          Rampage  .   v - +0 pair of gloves
Will    +....                   w - +1 pair of boots
Stlth   +.........              (no amulet)
HPRegen 1.10/turn               E - +4 ring of evasion
MPRegen 0.12/turn               W - ring of magical power

@: studying Hexes
A: cold resistance 1, negative energy resistance 3, torment resistance 2, heat
vulnerability 1, in touch with death 2, no potions
a: Renounce Religion, Depart the Abyss, Bend Space, Banish, Corrupt, Enter the
Abyss


You were on level 12 of the Dungeon.
You worshipped Lugonu.
Lugonu was extremely pleased with you.
You visited 3 branches of the dungeon, and saw 21 of its levels.
You visited the Abyss 1 time.

You collected 1832 gold pieces.
You spent 260 gold pieces at shops.


Innate Abilities, Weirdness & Mutations

You are immune to poison.
Your flesh is cold resistant. (rC+)
You are immune to negative energy. (rN+++)
You are immune to unholy pain and torment.
You are vulnerable to heat. (rF-)
You are strongly in touch with the powers of death.
You do not drink.


   Skills:
 + Level 12.5 Fighting
 + Level 10.3 Polearms
 - Level 1.5 Armour
 + Level 10.3 Dodging
 - Level 5.0 Spellcasting
 - Level 8.0 Hexes
 - Level 8.0 Summonings
 + Level 10.7 Necromancy
 - Level 8.0 Invocations


You had 5 spell levels left.
You knew the following spells:

 Your Spells              Type           Power      Damage    Failure   Level
a - Animate Dead          Necr           38%        N/A       1%          4
c - Confusing Touch       Hex            33%        N/A       1%          3
f - Call Canine Familiar  Summ           33%        N/A       1%          3
m - Summon Mana Viper     Hex/Summ       33%        N/A       14%         5
s - Slow                  Hex            100%       N/A       1%          1
v - Vampiric Draining     Necr           77%        2d11      1%          3

Your spell library contained the following spells:

 Spells                   Type           Power      Damage    Failure   Level
 Pain                     Necr           100%       1d9       1%          1
 Summon Small Mammal      Summ           100%       N/A       1%          1
 Summon Guardian Golem    Hex/Summ       33%        N/A       1%          3
 Agony                    Necr           77%        N/A       4%          5
 Excruciating Wounds      Necr           38%        N/A       4%          5
 Gell's Gravitas          Tloc           4%         N/A       36%         3
 Ozocubu's Armour         Ice            4%         N/A       36%         3
 Teleport Other           Tloc           4%         N/A       36%         3
 Borgnjor's Vile Clutch   Necr/Erth      26%        N/A       38%         5
 Metabolic Englaciation   Hex/Ice        9%         N/A       56%         5
 Summon Forest            Summ/Tloc      9%         N/A       56%         5
 Hailstorm                Conj/Ice       4%         3d4       78%         4
 Petrify                  Tmut/Erth      4%         N/A       78%         4
 Alistair's Intoxication  Tmut/Pois      2%         N/A       98%         5
 Summon Cactus Giant      Summ           16%        N/A       58%         6
 Simulacrum               Ice/Necr       26%        N/A       92%         6
 Haunt                    Necr/Summ      36%        N/A       94%         7
 Dispersal                Tloc           2%         N/A       100%        6
 Eringya's Noxious Bog    Tmut/Pois      2%         N/A       100%        6
 Disjunction              Tloc           2%         N/A       100%        8
 Infestation              Necr           38%        N/A       100%        8
 Ice Form                 Ice/Tmut       Unusable   N/A       N/A         4
 Statue Form              Tmut/Erth      Unusable   N/A       N/A         6

Inventory:

Hand Weapons
 a - a +1 spear
 t - a +0 halberd
   (You found it on level 3 of the Dungeon)
 C - a +2 antimagic glaive (weapon)
   (You took it off a tengu warrior on level 12 of the Dungeon)
 O - a +4 spear of venom
   (You took it off a gnoll sergeant on level 7 of the Dungeon)
Missiles
 b - 12 poisoned darts
 c - 4 javelins
 h - 22 boomerangs (quivered)
 B - 7 atropa-tipped darts
 H - 6 silver javelins
 M - a throwing net {=f!f}
 T - 3 curare-tipped darts {=f}
Armour
 s - the +3 robe of Recklessness (worn) {rElec Regen+ Str+4}
   (You found it on level 3 of the Dungeon)

   Str:       It affects your strength (+4).
   rElec:     It insulates you from electricity.
   Regen:     It increases your rate of health regeneration.
 v - a +0 pair of gloves (worn)
   (You found it on level 4 of the Dungeon)
 w - a +1 pair of boots (worn)
   (You found it on level 4 of the Dungeon)
 A - a +0 cloak (worn)
   (You found it on level 5 of the Dungeon)
 I - a +1 troll leather armour {Snorg}
   (You found it on level 12 of the Dungeon)
Magical Staves
 u - a staff of poison {!a}
   (You found it on level 3 of the Dungeon)
Jewellery
 D - a +6 ring of dexterity
   (You found it on level 12 of the Dungeon)
 E - a +4 ring of evasion (left hand)
   (You found it on level 1 of the Dungeon)
 F - a ring of fire
   (You found it on level 7 of the Dungeon)
 G - an amulet of guardian spirit
   (You found it on level 6 of the Lair of Beasts)
 W - a ring of magical power (right hand)
   (You found it on level 2 of the Dungeon)
Wands
 o - a wand of paralysis (9)
   (You found it on level 3 of the Lair of Beasts)
 p - a wand of digging (7)
   (You found it on level 4 of the Dungeon)
 q - a wand of mindburst (4)
   (You found it on level 3 of the Lair of Beasts)
 r - a wand of acid (6)
   (You found it on level 5 of the Lair of Beasts)
 U - a wand of polymorph (8)
   (You took it off Erica on level 9 of the Dungeon)
 V - a wand of flame (32)
   (You found it on level 8 of the Dungeon)
Scrolls
 d - 4 scrolls of teleportation {@r4}
 e - 8 scrolls of immolation {!r!r}
 f - 3 scrolls of fear
 g - 2 scrolls of fog
 i - a scroll of summoning
 j - 2 scrolls of torment
 k - 8 scrolls of identify {@r1}
 n - 2 scrolls of vulnerability {!r!r}
 x - 3 scrolls of silence {!r}
 y - 2 scrolls of magic mapping {!r}
 z - 5 scrolls of enchant weapon
 K - a scroll of enchant armour
 S - a scroll of amnesia
 X - a scroll of blinking {!r}

Dungeon Overview and Level Annotations

Branches:
Dungeon (13/15)            Temple (0/1) D:4            Lair (6/6) D:9
 Shoals (0/4) Lair:3        Snake (0/4) Lair:3        Slime (0/5) Lair:5
    Orc (2/2) D:9             Elf (0/3) Orc:2
 Vaults: D:13-14

Altars:
Okawaru
Beogh
Jiyva

Shops:
D:3 =   D:6 !   D:9 !   Orc:1 :   Orc:2 *!!*

Annotations:
Lair:3 exclusion: oklob plant
Abyss:1 Harold

###################
................@)#
................[y#
...#..............#
...#.......###....#
...#..............#
...#..............#
...#..............#
...#......^.......#
##...........####.#


You could see a meliai.


Message History

Your mana viper disappears in a puff of smoke!
A meliai is nearby! 😎 HP[+21] MP[+3]
Your hp is fully restored (122).
You regained 3 mp, and now have 9/10 mp.
A meliai is nearby!
A meliai is nearby! 😎 MP[+1]
Your mp is fully restored (10).
The meliai hits you but does no damage. The meliai barely misses you.
There is a stone staircase leading up here.
The meliai closely misses you. The meliai barely misses you.
The meliai misses you. The meliai completely misses you.
You climb upwards.
There is a stone staircase leading down here.
You slice the meliai!! The meliai completely misses you. The meliai stings you.
The meliai hits you with a +0 war axe!
The meliai stings you but does no damage. 😕 HP[-13]
You take 13 damage, and now have 109/122 hp.
You slash the meliai!
You kill the meliai!
Lugonu accepts your kill. 😕 HP[+1]
You now have 1572 gold pieces (gained 26).
Things that are here:
a +0 war axe; a +0 robe 😕 HP[+2]
You regained 2 hp, and now have 112/122 hp.
There is a stone staircase leading down here. 😕 HP[+1]
You start resting. 😎 HP[+9]
Your hp is fully restored (122).
You climb downwards.
The meliai buzzes angrily.
There is a stone staircase leading up here.
You reach to attack!
The meliai buzzes angrily.
You hit the meliai.
The meliai mumbles some strange prayers to its god against you.
Something smites you! 😕 HP[-14]
You take 14 damage, and now have 108/122 hp.
You hit the meliai. The meliai hits you with a +0 war axe.
The meliai misses you. The meliai hits you with a +0 war axe.
The meliai barely misses you.
The meliai calls upon its god to heal the meliai.
The meliai's wounds heal themselves!
The meliai completely misses you.
The meliai stings you but does no damage. 😕 HP[-5]
You take 5 damage, and now have 103/122 hp.
The meliai closely misses you. The meliai misses you.
The meliai invokes the aid of its god against you.
Something smites you! The meliai misses you. The meliai closely misses you. x2
The meliai barely misses you.
You climb upwards.
There is a stone staircase leading down here. 😮 HP[-14]
You take 14 damage, and now have 89/122 hp.
You slash the meliai!
The meliai calls down the wrath of its god upon you.
Something smites you! The meliai barely misses you. x2
The meliai closely misses you.
The meliai stings you but does no damage.
The meliai barely misses you. The meliai misses you. 😮 HP[-15]
You take 15 damage, and now have 74/122 hp.
You slice the meliai!!
You kill the meliai!
Lugonu accepts your kill. The meliai hits you with a +0 war axe!
* * * LOW HITPOINT WARNING * * *
The meliai stings you.
* * * LOW HITPOINT WARNING * * *
The meliai hits you with a +0 war axe!
* * * LOW HITPOINT WARNING * * *
The meliai misses you. The meliai hits you with a +0 war axe!
* * * LOW HITPOINT WARNING * * *
The meliai completely misses you. 😨 HP[-35]
You take 35 damage, and now have 39/122 hp.
MASSIVE DAMAGE!! (PAUSE)
You slash the meliai! The meliai hits you with a +0 war axe!
* * * LOW HITPOINT WARNING * * *
The meliai barely misses you. x3 😱 HP[-10]
You take 10 damage, and now have 29/122 hp.
You hit the meliai.
The meliai mumbles some strange prayers to its god against you.
Something smites you!
* * * LOW HITPOINT WARNING * * *
The meliai misses you. The meliai stings you!
* * * LOW HITPOINT WARNING * * *
😱 HP[-15]
You take 15 damage, and now have 14/122 hp.
You hit the meliai.
The meliai invokes the aid of its god against you.
Something smites you!
You die...

Skill      XL: |  1  2  3  4  5  6  7  8  9 10 11 12 13 14 15 |
---------------+----------------------------------------------+-----
Dodging        | 1 2 3 4 5 6 7 8 9 10 | 10.3
Invocations    | 2 3 4 5 6 7 8 |  8.0
Polearms       | 2 3 4 5 6 7 8 9 10 | 10.3
Spellcasting   | 1 2 3 5 |  5.0
Fighting       | 4 5 6 7 9 10 11 12 | 12.5
Hexes          | 1 2 3 5 7 8 |  8.0
Necromancy     | 2 4 5 7 9 10 | 10.7
Summonings     | 3 5 6 7 8 |  8.0
Armour         | |  1.5

Action                   |  1- 3 |  4- 6 |  7- 9 | 10-12 | 13-15 || total
-------------------------+-------+-------+-------+-------+-------++-------
Melee: Spear             |   178 |       |   187 |   863 |  1253 ||  2481
       Halberd           |     2 |   143 |   195 |       |       ||   340
       Punch             |       |       |     1 |    19 |    26 ||    46
       Glaive            |       |       |       |       |   132 ||   132
Throw: Stone             |     7 |       |       |       |       ||     7
       Boomerang         |       |     3 |     5 |     5 |     5 ||    18
       Dart              |       |       |     6 |     4 |       ||    10
 Cast: Slow              |       |     1 |       |     9 |     5 ||    15
       Confusing Touch   |       |       |     3 |    92 |    68 ||   163
       Animate Dead      |       |       |       |    13 |    62 ||    75
       Summon Mana Viper |       |       |       |     1 |    53 ||    54
       Call Canine Famil |       |       |       |       |    14 ||    14
Invok: Bend Space        |       |     5 |    16 |    22 |    41 ||    84
       Banish            |       |     1 |     1 |    13 |     7 ||    22
Evoke: Wand              |       |       |       |     1 |     2 ||     3
  Use: Scroll            |     6 |     2 |     6 |     5 |     4 ||    23
 Stab: Sleeping          |     1 |     3 |       |       |     1 ||     5
       Confused          |       |       |     1 |    79 |    57 ||   137
       Distracted        |       |       |       |     1 |     6 ||     7
Armor: Leather armour    |    20 |       |       |       |       ||    20
       Ring mail         |     1 |       |       |       |       ||     1
       Robe              |       |    40 |   149 |    79 |   215 ||   483
Dodge: Dodged            |    98 |   107 |   391 |   410 |   886 ||  1892

Levels and vault maps discovered:
D:1:      tarquinn_simple_flora_water_a, layout_basic, grunt_decor_resistance
D:2:      layout_basic, shapermc_ecumenical_altar_ellora
D:3:      layout_rooms, serial_shops, shop
D:4:      minmay_wonky_spiral, layout_basic, okawaru_metal_pillars_1_2,
          minmay_temple_entry_glassed_door, minmay_manual_mandibuliform,
          uniq_natasha
D:5:      layout_loops_ring, uniq_duvessa
D:6:      layout_cave_pods, serial_shops, shop
D:7:      layout_basic, kennysheep_nub
D:8:      layout_gridville
D:9:      layout_irregular_city, dpeg_oklobed_lair, serial_shops,
          nicolae_shop_advertising_works [nicolae_subvault_shop_adworks],
          uniq_erica
D:10:     layout_roguey, hangedman_decor_lopped, uniq_erolcha
D:11:     minmay_chambers_of_sixes, layout_basic, uniq_harold, uniq_lodul
D:12:     layout_stronghold, serial_park_tiny_pond, dreamdust_mushroom_princess,
          kennysheep_potato, uniq_snorg
D:13:     nzn_winding_woodlands_cross [nzn_winding_woodlands_5x15_twine,
          nzn_winding_woodlands_5x15_pathside_ponds,
          nzn_winding_woodlands_5x15_jagged,
          nzn_winding_woodlands_5x15_lazy_stream,
          nzn_winding_woodlands_15x15_boxy_spiral], layout_layer_cave,
          hellmonk_ghost_happy_afterlife, lightli_corner_chamber
Lair:1:   layout_loops_ring, wad_woods_road_01
Lair:2:   layout_cave_pods, enter_volcano_1
Lair:3:   layout_loops_ring, elwin_shoals_entry_rooms, dummy_snake_entry,
          beast_lair_carwin_8, lemuel_fruit_tree
Lair:4:   layout_long_grid, evilmike_ambush [evilmike_ambush_outer_corners,
          evilmike_ambush_inner_cross], infiniplex_staircase_pool,
          serial_bayou_shore_b
Lair:5:   layout_regular_city, slime_altar_1, grunt_megastairs_4
Lair:6:   minmay_lair_end_frog_pond, layout_loops_ring, grunt_megastairs_5
Orc:1:    layout_diamond_mine, serial_shops, shop
Orc:2:    st_orc_mages, layout_diamond_mine, basic_altar

Notes
Turn   | Place    | Note
-------+----------+-------------------------------------------
     0 | Abyss:1  | spiderkeys the Mummy Abyssal Knight began the quest for the
                  | Orb.
     0 | Abyss:1  | Reached XP level 1. HP: 18/18 MP: 2/2
     0 | Abyss:1  | magus.rc [v1.11.3]
    21 | D:1      | You pass through the gate.
    21 | D:1      | Escaped the Abyss
    44 | D:1      | You add the spells Gell's Gravitas, Teleport Other and
                  | Dispersal to your library.
    90 | D:1      | Reached skill level 1 in Dodging
   255 | D:1      | Reached XP level 2. HP: 23/24 MP: 3/3
   564 | D:1      | Reached skill level 2 in Invocations
  1317 | D:2      | Reached skill level 2 in Polearms
  1317 | D:2      | Gained mutation: You are in touch with the powers of death.
                  | [Mummy growth]
  1317 | D:2      | Reached XP level 3. HP: 22/29 MP: 4/4
  1579 | D:2      | Reached *** piety under Lugonu
  1925 | D:2      | Found a faded altar of an unknown god.
  2551 | D:3      | Identified the +3 robe of Recklessness {rElec Regen+ Str+4}
  2594 | D:3      | Reached XP level 4. HP: 35/35 MP: 5/5
  2665 | D:3      | Found Zyojin's Jewellery Shoppe.
  2871 | D:3      | You fall into a shaft and drop 2 floors!
  2871 | D:5      | Entered Level 5 of the Dungeon
  3298 | D:4      | Reached **** piety under Lugonu
  3372 | D:4      | Noticed a scorpion
  3378 | D:4      | Killed a scorpion
  3379 | D:4      | Reached skill level 2 in Dodging
  3379 | D:4      | Reached skill level 1 in Spellcasting
  3379 | D:4      | Reached XP level 5. HP: 42/42 MP: 7/7
  3408 | D:4      | Noticed Natasha
  3411 | D:4      | Killed Natasha
  3412 | D:4      | Reached skill level 4 in Fighting
  3442 | D:4      | You pick up a book of Debilitation and begin reading...
  3442 | D:4      | You add the spells Slow, Vampiric Draining and Confusing
                  | Touch to your library.
  3445 | D:4      | Learned a level 1 spell: Slow
  3449 | D:4      | Learned a level 3 spell: Confusing Touch
  3523 | D:4      | Found a staircase to the Ecumenical Temple.
  3631 | D:4      | Found an iron altar of Okawaru.
  3632 | D:4      | Noticed an ogre
  3665 | D:4      | Banished an ogre
  3666 | D:4      | Reached skill level 1 in Hexes
  3666 | D:4      | Reached skill level 3 in Invocations
  3666 | D:4      | Reached XP level 6. HP: 48/48 MP: 8/8
  3985 | D:5      | Noticed an ice beast
  4012 | D:5      | Killed an ice beast
  4013 | D:5      | Reached skill level 3 in Polearms
  4013 | D:5      | Reached skill level 2 in Spellcasting
  4013 | D:5      | Reached skill level 2 in Hexes
  4256 | D:5      | Reached XP level 7. HP: 55/55 MP: 11/11
  4294 | D:5      | Noticed Dowan
  4295 | D:5      | Noticed Duvessa
  4310 | D:5      | Killed Duvessa
  4311 | D:5      | Reached skill level 3 in Spellcasting
  4323 | D:5      | Killed Dowan
  4324 | D:5      | Reached skill level 3 in Hexes
  4568 | D:6      | You pick up a book of Winter and begin reading...
  4568 | D:6      | You add the spells Ozocubu's Armour, Metabolic Englaciation
                  | and Simulacrum to your library.
  4596 | D:6      | Reached skill level 3 in Dodging
  4793 | D:6      | Found Lokey's Distillery.
  4872 | D:6      | Reached skill level 5 in Fighting
  4872 | D:6      | Reached XP level 8. HP: 62/62 MP: 13/13
  4984 | D:6      | Reached skill level 4 in Hexes
  4984 | D:6      | Reached skill level 4 in Invocations
  4988 | D:6      | Learned a level 3 spell: Vampiric Draining
  5464 | D:7      | HP: 15/62 [something (9)]
  5465 | D:7      | HP: 7/62 [something (9)]
  5722 | D:7      | Reached skill level 4 in Spellcasting
  5925 | D:6      | Reached skill level 4 in Polearms
  6065 | D:7      | Reached skill level 5 in Hexes
  6082 | D:7      | Reached skill level 4 in Dodging
  6094 | D:7      | Reached skill level 5 in Spellcasting
  6199 | D:7      | HP: 16/64 [something (7)]
  6203 | D:7      | HP: 4/64 [something (5)]
  6205 | D:7      | Killed an unseen horror
  6206 | D:7      | Reached XP level 9. HP: 5/69 MP: 16/16
  6455 | D:8      | Reached skill level 6 in Fighting
  6512 | D:8      | Reached skill level 5 in Invocations
  6553 | D:8      | Reached skill level 6 in Hexes
  6800 | D:8      | Reached skill level 1 in Necromancy
  6874 | D:8      | Noticed a seven-headed hydra
  6875 | D:8      | Banished a seven-headed hydra
  6876 | D:8      | Reached skill level 5 in Polearms
  6876 | D:8      | Reached skill level 2 in Necromancy
  7122 | D:8      | You pick up a book of the Wilderness and begin reading...
  7122 | D:8      | You add the spells Summon Forest, Summon Mana Viper and
                  | Summon Cactus Giant to your library.
  7129 | D:8      | Learned a level 5 spell: Summon Mana Viper
  7197 | D:8      | Reached skill level 5 in Dodging
  7299 | D:8      | Reached skill level 7 in Hexes
  7548 | D:9      | Found a staircase to the Lair.
  7609 | D:9      | Reached XP level 10. HP: 77/77 MP: 17/17
  7743 | D:9      | Noticed Erica
  7776 | D:9      | Reached skill level 7 in Fighting
  7792 | D:8      | Reached skill level 3 in Necromancy
  7869 | D:9      | Found a staircase to the Orcish Mines.
  7912 | D:9      | Killed Erica
  7913 | D:9      | Reached skill level 6 in Invocations
  8079 | D:9      | Found Volagi's Distillery.
  8183 | D:9      | Noticed a boulder beetle
  8187 | D:9      | Banished a boulder beetle
  8188 | D:9      | Reached skill level 8 in Hexes
  8188 | D:9      | Reached skill level 4 in Necromancy
  8592 | D:10     | Entered Level 10 of the Dungeon
  8673 | D:10     | Reached skill level 6 in Polearms
  8699 | D:10     | Reached skill level 6 in Dodging
  8927 | D:10     | Reached ***** piety under Lugonu
  9111 | D:10     | Noticed Erolcha
  9123 | D:10     | Killed Erolcha
  9124 | D:10     | Reached XP level 11. HP: 73/86 MP: 18/18
  9268 | D:11     | Noticed a six-headed hydra
  9280 | D:11     | Banished a six-headed hydra
  9281 | D:11     | Reached skill level 8 in Fighting
  9281 | D:11     | Reached skill level 1 in Summonings
  9281 | D:11     | Reached skill level 5 in Necromancy
  9341 | D:11     | Noticed Harold
  9342 | D:11     | Banished Harold
  9343 | D:11     | Reached skill level 7 in Invocations
  9370 | D:11     | Noticed a boulder beetle
  9372 | D:11     | Banished a boulder beetle
  9439 | D:11     | Noticed Lodul
  9442 | D:11     | Noticed a two-headed ogre
  9444 | D:11     | Noticed a two-headed ogre
  9444 | D:11     | Noticed a two-headed ogre
  9445 | D:11     | Noticed a two-headed ogre
  9457 | D:11     | Noticed a two-headed ogre
  9458 | D:11     | Noticed a two-headed ogre
  9539 | Lair:1   | Entered Level 1 of the Lair of Beasts
  9558 | Lair:1   | Reached skill level 2 in Summonings
  9691 | Lair:1   | You pick up a book of Death and begin reading...
  9691 | Lair:1   | You add the spells Animate Dead, Haunt and Infestation to
                  | your library.
  9697 | Lair:1   | Learned a level 4 spell: Animate Dead
 10238 | Lair:1   | Reached skill level 7 in Polearms
 10266 | Lair:1   | Reached skill level 3 in Summonings
 10585 | Lair:2   | Found a dark tunnel.
 10600 | Lair:2   | Noticed a five-headed hydra
 10602 | Lair:2   | Banished a five-headed hydra
 10603 | Lair:2   | Reached skill level 9 in Fighting
 10663 | Lair:2   | Reached skill level 7 in Dodging
 10739 | Lair:2   | Reached XP level 12. HP: 80/95 MP: 19/19
 11055 | Lair:2   | You pick up a book of the Tundra and begin reading...
 11253 | Lair:2   | Reached skill level 6 in Necromancy
 11668 | Lair:3   | Found a staircase to the Snake Pit.
 11789 | Lair:3   | Reached skill level 8 in Invocations
 11967 | Lair:3   | Noticed a five-headed hydra
 11968 | Lair:3   | Banished a five-headed hydra
 12032 | Lair:3   | Found a staircase to the Shoals.
 12090 | Lair:3   | Reached skill level 4 in Summonings
 12897 | Lair:4   | Noticed a boulder beetle
 12900 | Lair:4   | Banished a boulder beetle
 12986 | Lair:4   | Reached skill level 7 in Necromancy
 13014 | Lair:4   | Reached skill level 8 in Polearms
 13117 | Lair:4   | Noticed a boulder beetle
 13131 | Lair:4   | Reached skill level 10 in Fighting
 13168 | Lair:4   | Killed a boulder beetle
 13200 | Lair:4   | Reached skill level 8 in Dodging
 13214 | Lair:4   | Noticed a death yak
 13214 | Lair:4   | Noticed a death yak
 13416 | Lair:3   | Killed a death yak
 13417 | Lair:3   | Reached skill level 5 in Summonings
 13598 | Lair:4   | Noticed a four-headed hydra
 13602 | Lair:4   | Banished a four-headed hydra
 13677 | Lair:4   | Identified the +2 chain mail "Buluynke" {rC- rN+++ Int+3
                  | Stlth+}
 13686 | Lair:4   | Noticed a death yak
 13762 | Lair:3   | Killed a death yak
 13763 | Lair:3   | Gained mutation: You are strongly in touch with the powers
                  | of death. [Mummy growth]
 13763 | Lair:3   | Reached XP level 13. HP: 76/103 MP: 6/20
 15175 | Lair:6   | Entered Level 6 of the Lair of Beasts
 15539 | Lair:5   | Reached skill level 8 in Necromancy
 16486 | Lair:4   | Reached skill level 6 in Summonings
 16739 | Lair:4   | Reached skill level 11 in Fighting
 16744 | Lair:4   | Reached skill level 9 in Polearms
 16960 | Lair:5   | Found a staircase to the Slime Pits.
 16961 | Lair:5   | Found a viscous altar of Jiyva.
 17170 | Lair:6   | Reached skill level 9 in Dodging
 17307 | Lair:6   | Reached skill level 9 in Necromancy
 17627 | Lair:6   | Reached XP level 14. HP: 83/113 MP: 19/21
 18019 | Lair:6   | HP: 22/113 [cane toad (10)]
 18132 | Lair:6   | Reached skill level 7 in Summonings
 18486 | Lair:6   | You pick up a book of the Warp and begin reading...
 19076 | Orc:1    | Entered Level 1 of the Orcish Mines
 19076 | Orc:1    | Found Bokiag's Book Emporium.
 19431 | Orc:2    | Entered Level 2 of the Orcish Mines
 19431 | Orc:2    | Found a staircase to the Elven Halls.
 21052 | Orc:2    | Found Biklaaj's Distillery.
 21052 | Orc:2    | Found Jeunainujao's General Store.
 21053 | Orc:2    | Found Anneungi's Distillery.
 21057 | Orc:2    | Found Iceebipu's General Store.
 21088 | Orc:2    | Reached skill level 12 in Fighting
 21088 | Orc:2    | Reached skill level 10 in Necromancy
 21478 | Orc:1    | Bought a book of Callings for 260 gold pieces
 21478 | Orc:1    | You pick up a book of Callings and begin reading...
 21478 | Orc:1    | You add the spells Summon Small Mammal, Call Canine
                  | Familiar and Summon Guardian Golem to your library.
 21482 | Orc:1    | Learned a level 3 spell: Call Canine Familiar
 21972 | D:11     | Reached skill level 10 in Polearms
 22072 | D:11     | Killed Lodul
 22073 | D:11     | Reached skill level 10 in Dodging
 23388 | D:12     | You pick up a book of Sloth and begin reading...
 23397 | D:12     | Noticed Snorg
 23407 | D:12     | Killed Snorg
 23468 | D:12     | You pick up a book of Pain and begin reading...
 23468 | D:12     | You add the spells Pain, Agony and Excruciating Wounds to
                  | your library.
 23800 | D:12     | Reached XP level 15. HP: 122/122 MP: 10/22
 23806 | D:12     | Reached skill level 8 in Summonings
 24405 | D:13     | HP: 24/122 [centaur warrior (11)]
 24715 | D:13     | You add the spells Alistair's Intoxication, Borgnjor's Vile
                  | Clutch and Eringya's Noxious Bog to your library.
 24970 | D:12     | HP: 29/122 [meliai/+0 war axe (11)]
 24971 | D:12     | HP: 14/122 [meliai/+0 war axe (9)]
 24972 | D:12     | Killed from afar by a meliai

Vanquished Creatures
  Snorg (D:12)
  Erolcha (D:10)
  A hydra (D:11)
  Erica (D:9)
  2 centaur warriors (D:13)
  5 two-headed ogres (D:11)
  An orc high priest (Orc:2)
  7 death yaks
  A phantasmal warrior (D:13)
  2 lindwurms
  2 deep elf pyromancers
  An orc sorcerer (Orc:2)
  2 manticores
  3 cyclopes
  An ugly thing (D:11)
  8 elephants
  5 black mambas
  A gargoyle (D:11)
  An unseen horror (D:7)
  14 cane toads
  A kobold demonologist (D:12)
  A rime drake (Lair:4)
  11 komodo dragons
  2 tyrant leeches (Lair:6)
  2 trolls (D:13)
  2 meliai (D:12)
  2 hornets
  32 blink frogs
  A dream sheep (shapeshifter) (D:11)
  2 wyverns
  A wraith (D:12)
  38 yaks
  2 steam dragons
  6 nameless horrors
  5 vampire mosquitoes
  5 basilisks
  2 wargs
  An acid dragon (D:11)
  9 water moccasins
  Duvessa (D:5)
  7 black bears
  An ice beast (D:5)
  10 orc warriors
  5 ogres
  7 wolves
  A phantom (D:6)
  9 centaurs
  A kobold brigand (D:10)
  10 bullfrogs
  3 necrophages
  2 gnoll sergeants
  3 scorpions
  9 wights
  Dowan (D:5)
  17 killer bees
  3 howler monkeys (D:8)
  3 electric eels
  3 jellies
  2 hounds
  9 orc priests
  4 iguanas
  Natasha (D:4)
  13 orc wizards
  8 gnolls
  4 adders
  2 white imps
  4 worms
  A dart slug (D:4)
  31 orcs
  12 ball pythons
  3 endoplasms
  7 giant cockroaches
  3 hobgoblins
  4 jackals (D:2)
  13 kobolds
  6 quokkas
  4 bats
  4 frilled lizards
  5 goblins
  6 rats
427 creatures vanquished.

Vanquished Creatures (collateral kills)
  A boulder beetle (Lair:4)
  2 two-headed ogres
  9 death yaks
  A tengu warrior (D:12)
  Lodul (D:11)
  A phantasmal warrior (D:13)
  A lindwurm (Lair:6)
  A deep elf pyromancer (D:12)
  3 orc sorcerers (Orc:2)
  A cyclops (D:11)
  3 elephants
  4 cane toads
  A gargoyle (D:12)
  A komodo dragon (Lair:6)
  A troll (Orc:1)
  4 blink frogs
  A vampire (D:13)
  A wraith (D:12)
  2 yaks
  2 vampire mosquitoes (Lair:6)
  A warg (Orc:1)
  2 water moccasins
  2 nameless horrors
  2 orc warriors
  3 ogres
  5 bullfrogs (Lair:6)
  A gnoll sergeant (D:12)
  An electric eel (Lair:6)
  6 orc priests
  11 orc wizards
  2 gnolls (D:12)
  10 orcs
87 creatures vanquished.

Vanquished Creatures (others)
  49 fungi
  112 plants
161 creatures vanquished.

Grand Total: 675 creatures vanquished

Table legend:
 A = Non-vault XP
 B = Vault XP
 C = Vault XP percentage of total XP
 D = Non-vault monster count
 E = Vault monster count
 F = Vault count percentage of total count
                 A         B        C        D         E       F
            +---------+---------+-------+---------+---------+-------
      Total |   72480 |   37498 |  34.1 |     389 |     132 |  25.3
            +---------+---------+-------+---------+---------+-------
        D:1 |      37 |       0 |   0.0 |      23 |       0 |   0.0
        D:2 |      55 |       0 |   0.0 |      22 |       0 |   0.0
        D:3 |      37 |       0 |   0.0 |      14 |       0 |   0.0
        D:4 |      97 |     176 |  64.5 |       9 |       8 |  47.1
        D:5 |     417 |     213 |  33.8 |      12 |       2 |  14.3
        D:6 |     821 |       0 |   0.0 |      17 |       0 |   0.0
        D:7 |    1247 |       0 |   0.0 |      17 |       0 |   0.0
        D:8 |    2445 |       0 |   0.0 |      22 |       0 |   0.0
        D:9 |    2761 |     844 |  23.4 |      16 |       1 |   5.9
       D:10 |    1704 |     865 |  33.7 |      24 |       1 |   4.0
       D:11 |    4577 |    9178 |  66.7 |      15 |      15 |  50.0
       D:12 |    4305 |    1728 |  28.6 |      18 |       3 |  14.3
       D:13 |    1798 |    4022 |  69.1 |       4 |       8 |  66.7
     Lair:1 |    4653 |       0 |   0.0 |      19 |       0 |   0.0
     Lair:2 |    3554 |       0 |   0.0 |      13 |       0 |   0.0
     Lair:3 |    6726 |    1141 |  14.5 |      22 |       7 |  24.1
     Lair:4 |   18866 |    3147 |  14.3 |      42 |       6 |  12.5
     Lair:5 |    4000 |     544 |  12.0 |      11 |       2 |  15.4
     Lair:6 |   11069 |   10935 |  49.7 |      29 |      40 |  58.0
      Orc:1 |    1719 |       0 |   0.0 |      30 |       0 |   0.0
      Orc:2 |    1592 |    4705 |  74.7 |      10 |      39 |  79.6
            +---------+---------+-------+---------+---------+-------

Illustrated notes

Table legend:
 A = Kills in this place as a percentage of kills in entire the game.
 B = Kills by you in this place as a percentage of kills by you in the entire game.
 C = Kills by friends in this place as a percentage of kills by friends in the entire game.
 D = Other kills in this place as a percentage of other kills in the entire game.
 E = Experience gained in this place as a percentage of experience gained in the entire game.
 F = Experience gained in this place divided by the number of levels of this place that you have seen.
                   A       B       C       D       E      F
               +-------+-------+-------+-------+-------+----------------------
         Total | 100.0 | 100.0 | 100.0 | 100.0 | 100.0 | 4999.0
       Dungeon |  48.2 |  55.8 |  17.6 |  38.1 |  33.9 | 2871.3
          Lair |  36.7 |  33.2 |  40.0 |  61.9 |  58.8 | 10772.5
  Orcish Mines |  15.2 |  10.9 |  42.4 |   0.0 |   7.3 | 4008.0
               +-------+-------+-------+-------+-------+----------------------

Table legend: (Time is in decaauts)
 A = Elapsed time spent in this place.
 B = Non-inter-level travel time spent in this place.
 C = Inter-level travel time spent in this place.
 D = Time resting spent in this place.
 E = Time spent auto-exploring this place.
 F = Levels seen in this place.
 G = Mean time per level.
                   A        B        C        D        E       F      G
               +--------+--------+--------+--------+--------+-----+--------+
         Total |  24549 |  23442 |   1107 |   2971 |  13963 |  22 | 1115.9 |
       Dungeon |  13070 |  12418 |    652 |    792 |   8591 |  13 | 1005.4 |
          Lair |   9159 |   8798 |    361 |   1488 |   4449 |   6 | 1526.5 |
  Orcish Mines |   2297 |   2204 |     93 |    691 |    908 |   2 | 1148.5 |
         Abyss |     21 |     21 |      0 |      0 |     15 |   1 |   21.0 |
               +--------+--------+--------+--------+--------+-----+--------+

Top non-repeatable levels by time:
  Lair:4: 2677 daAuts
  Lair:6: 1647 daAuts
   Orc:2: 1583 daAuts
  Lair:3: 1518 daAuts
    D:12: 1504 daAuts
    D:11: 1339 daAuts
  Lair:5: 1228 daAuts
     D:2: 1226 daAuts
     D:1: 1213 daAuts
  Lair:2: 1174 daAuts
     D:8: 1102 daAuts
     D:9: 1102 daAuts
     D:6: 1025 daAuts
     D:4: 973 daAuts
     D:7: 918 daAuts
